 Dungeon Crawl Stone Soup version 0.29.0-11-gd7f09526c8 (console) character file.

Game seed: 14231075359182911436

127 jejorda2 the Stinger (level 4, -1/30 HPs)
             Began as a Vampire Wanderer on Sept 4, 2022.
             Succumbed to Ijyb's poison
             ... on level 3 of the Dungeon.
             The game lasted 00:07:15 (2003 turns).

jejorda2 the Stinger (Vampire Wanderer)             Turns: 2003, Time: 00:07:16

Health: -1/30      AC:  8    Str: 11    XL:     4   Next: 85%
Magic:  7/7        EV:  8    Int: 17    God:
Gold:   114        SH:  0    Dex: 12    Spells: 6/7 levels left

rFire   . . .      SeeInvis +   a - +0 falchion
rCold   . . .      Faith    .   (no shield)
rNeg    . . .      Spirit   .   g - +0 scale mail
rPois   .          Reflect  .   (no helmet)
rElec   .          Harm     .   r - +0 cloak
rCorr   .          Rampage  .   k - +0 pair of gloves
Will    .....                   (no boots)
Stlth   ..........              h - amulet of regeneration
HPRegen 1.10/turn               (no ring)
MPRegen 0.10/turn               (no ring)

@: lethally poisoned (-1 -> -18), healing quickly
A: alive, fangs 3, see invisible, vampiric 2, [frail 1]
a: Exsanguinate


You were on level 3 of the Dungeon.
You visited 1 branch of the dungeon, and saw 3 of its levels.

You collected 114 gold pieces.

Inventory:

Hand Weapons
 a - a +0 falchion (weapon)
 c - a +0 dagger
Missiles
 b - 10 poisoned darts (quivered)
Armour
 g - a +0 scale mail (worn)
 k - a +0 pair of gloves (worn)
 r - a +0 cloak (worn)
Jewellery
 h - an amulet of regeneration (around neck)
Scrolls
 i - 4 scrolls of poison {unknown}
 j - a scroll of immolation {unknown}
 l - a scroll of enchant armour {unknown}
 n - a scroll of fog {unknown}
 o - 3 scrolls of identify {unknown}
Potions
 d - a potion of attraction
 f - a potion of might {unknown}
 p - a potion of flight {unknown}
 q - a potion of heal wounds {unknown}


   Skills:
 + Level 2.5 Fighting
 - Level 2.6(3.1) Short Blades
 * Level 2.0(2.6) Long Blades
 - Level 1.5 Maces & Flails
 - Level 2.4 Throwing
 - Level 2.0 Spellcasting
 - Level 2.6 Poison Magic


You had 6 spell levels left.
You knew the following spells:

 Your Spells              Type           Power      Damage    Failure   Level
a - Sting                 Tmut/Pois      24%        1d4       56%         1

Your spell library contained the following spells:

 Spells                   Type           Power      Damage    Failure   Level
 Sandblast                Erth           2%         2d4       77%         1
 Passwall                 Tmut/Erth      0%         N/A       88%         2
 Spider Form              Tmut/Pois      6%         N/A       91%         3
 Stone Arrow              Conj/Erth      2%         3d7       98%         3


Dungeon Overview and Level Annotations

Branches:
Dungeon (3/15)

Altars:
Kikubaaqudgha

Annotations:
D:3 Ijyb


Innate Abilities, Weirdness & Mutations

Your natural rate of healing is accelerated.
You have razor-sharp teeth.
You have supernaturally acute eyesight. (SInv)
You are afflicted with vampirism and can become a bat while bloodless.
[You are frail. (-10% HP)]


Message History

You see here 7 stones.
You open the door.
Ijyb and a worm come into view.
Ijyb is wielding a +0 dagger of venom and carrying a wand of iceblast (7).
Ijyb shouts!
Ijyb zaps a wand.
The mass of ice explodes!
The iceblast engulfs you!!
Ouch! That really hurt!
You hear an angry hiss.
Found a scroll labelled PUETHU NECAOFF, a cyan potion and 7 gold pieces.
You see here 7 stones.
There is an open door here.
You close the door.
You start resting.
Something unseen opens the door.
There is an open door here.
You hit Ijyb but do no damage. Ijyb closely misses you.
Ijyb hits you but does no damage.
You are poisoned.
You feel sick. Ijyb completely misses you.
You barely miss Ijyb.
You feel sick. Ijyb hits you but does no damage.
You barely miss Ijyb.
You feel sick. The worm bites you. Ijyb hits you but does no damage.
You are more poisoned.
You barely miss Ijyb.
You feel very sick. Ijyb hits you but does no damage.
You are more poisoned.
The worm bites you.
You closely miss Ijyb.
You feel very sick.
Ijyb hits you with a +0 dagger of venom.
You are lethally poisoned!
The worm barely misses you.
You hit Ijyb but do no damage.
* * * LOW HITPOINT WARNING * * *
You feel extremely sick. Ijyb barely misses you.
Ijyb hits you but does no damage.
You are more poisoned.
You hit Ijyb.
Ijyb is lightly wounded.
You die...

##...#.##....)†....###....##
#.......'...................
##.....##.................##
##...####.......#####..###
##.## ##.....## #.## #.#
##...## #.# #.# ##+## #†#
#.# #### #.# #.# #.@####
####†# #.# #wg'..####..#.#
#.# #..#..[.....#.###
####.#####.(#........#...##
#..[....#...#..##†#..###..#
#.##.##.#...####..#### ##.#
#.##....##..'.?#..8######.#
#.#####.##..#.!##.......#.#
#.# #.#...#$w##.......'.#


You could see Ijyb and a worm.

Vanquished Creatures
  Natasha (D:3)
  Terence (D:3)
  A gnoll (D:1)
  An adder (D:2)
  A worm (D:2)
  A dart slug (D:3)
  An orc (D:3)
  5 ball pythons
  6 bats
  8 endoplasms
  4 giant cockroaches
  6 goblins
  6 hobgoblins
  A frilled lizard (D:2)
  3 kobolds
  5 rats
51 creatures vanquished.

Vanquished Creatures (others)
  4 toadstools (D:1)
4 creatures vanquished.

Grand Total: 55 creatures vanquished

Notes
Turn   | Place    | Note
-------+----------+-------------------------------------------
     0 | D:1      | jejorda2 the Vampire Wanderer began the quest for the Orb.
     0 | D:1      | jejorda2 set off with the following items: a +0 flail, 10
                  | poisoned darts, a +0 dagger, a potion of attraction, a +0
                  | robe; and the following spell memorised: Sting; and the
                  | following spells available to memorise: Spider Form.
     0 | D:1      | Reached XP level 1. HP: 13/13 MP: 3/3
   145 | D:1      | Reached skill level 1 in Fighting
   145 | D:1      | Reached skill level 1 in Short Blades
   145 | D:1      | Reached XP level 2. HP: 6/21 MP: 1/5
   663 | D:1      | Gained mutation: You are afflicted with vampirism and can
                  | become a bat while bloodless. [Vampire growth]
   663 | D:1      | Reached XP level 3. HP: 23/23 MP: 3/6
  1211 | D:2      | Found an ancient bone altar of Kikubaaqudgha.
  1774 | D:3      | Noticed Terence
  1804 | D:3      | Killed Terence
  1805 | D:3      | Reached skill level 1 in Long Blades
  1805 | D:3      | Reached XP level 4. HP: 30/30 MP: 7/7
  1826 | D:3      | Found a faded altar of an unknown god.
  1837 | D:3      | Noticed Natasha
  1847 | D:3      | Killed Natasha
  1986 | D:3      | Noticed Ijyb
  2003 | D:3      | Succumbed to Ijyb's poison

Illustrated notes

Levels and vault maps discovered:
D:1:      ldierk_water_garden, layout_basic
D:2:      layout_basic, basic_altar
D:3:      minmay_chambers_of_twos, layout_loops_corners,
          nicolae_overflow_quartered_altars, ebering_ecumenical_altar_petrified,
          uniq_grinder, uniq_natasha, uniq_ijyb, uniq_terence

Skill      XL: |  1  2  3  4 |
---------------+-------------+-----
Fighting       | 1 2 |  2.5
Short Blades   | 1 2 |  2.6
Long Blades    | 1 2 |  2.0
Maces & Flails | |  1.5
Throwing       | |  2.4
Spellcasting   | |  2.0
Poison Magic   | |  2.6

Action                   |  1- 3 |  4- 6 || total
-------------------------+-------+-------++-------
Melee: Flail             |    46 |       ||    46
       Bite              |    11 |     6 ||    17
       Falchion          |    36 |    41 ||    77
       Punch             |     1 |     1 ||     2
Throw: Dart              |     5 |       ||     5
 Cast: Sting             |    37 |       ||    37
 Abil: Exsanguinate      |     2 |       ||     2
       Revivify          |     1 |       ||     1
Armor: Robe              |    25 |       ||    25
       Scale mail        |       |    25 ||    25
Dodge: Dodged            |    63 |    21 ||    84
